 Dungeon Crawl Stone Soup version 0.21.0-24-g2553a3340b (webtiles) character file.

3352 Ripple the Cleaver (level 9, 0/81 HPs)
             Began as a Deep Dwarf Fighter on Jan 21, 2018.
             Was an Initiate of Wu Jian.
             Slain by a death yak (18 damage)
             ... on level 8 of the Dungeon.
             The game lasted 00:13:13 (5408 turns).

Ripple the Cleaver (Deep Dwarf Fighter)             Turns: 5408, Time: 00:13:14

Health: 0/81       AC: 20    Str: 23    XL:     9   Next: 72%
Magic:  7/7        EV:  6    Int:  9    God:    Wu Jian [......]
Gold:   389        SH: 10    Dex: 12    Spells: 8/8 levels left

rFire    . . .     SeeInvis .   a - +0 war axe
rCold    . . .     Gourm    .   c - +0 shield
rNeg     . . .     Faith    .   D - +0 plate armour
rPois    +         Spirit   .   (no helmet)
rElec    .         Reflect  .   g - scarf {repulsion}
rCorr    .         Harm     +   l - +1 pair of gloves
MR       +....                  F - +0 pair of boots
Stlth    ..........             K - amulet of Eqaeqeh {Harm *Drain rPois}
HPRegen  0.00/turn              E - +4 ring of protection
MPRegen  0.10/turn              (no ring)

@: non-regenerating, repel missiles
A: damage resistance, heal wounds, sense surroundings 2, no regeneration
a: Heal Wounds, Renounce Religion


You were on level 8 of the Dungeon.
You worshipped Wu Jian.
Wu Jian was noncommittal.
You were not hungry.

You visited 2 branches of the dungeon, and saw 9 of its levels.
You also visited: Sewer.

You collected 389 gold pieces.

Inventory:

Hand Weapons
 a - a +0 war axe (weapon)
Missiles
 k - 77 poisoned needles
 m - 6 needles of sleeping
 I - 3 javelins (quivered)
Armour
 b - a +0 scale mail
 c - a +0 shield (worn)
 g - a scarf of repulsion (worn)
 l - a +1 pair of gloves (worn)
 s - a +0 pair of gloves
 C - a +0 chain mail
 D - a +0 plate armour (worn)
 F - a +0 pair of boots (worn)
Jewellery
 E - a +4 ring of protection (left hand)
 K - the amulet of Eqaeqeh (around neck) {Harm *Drain rPois}
   (You found it on level 7 of the Dungeon)

   [amulet of harm]

   It increases damage dealt and taken.
   It protects you from poison.
   It causes draining when unequipped.
Wands
 t - a wand of paralysis (3)
 x - a wand of flame (35)
 J - a wand of polymorph (13)
Scrolls
 e - 12 scrolls of identify {unknown}
 h - 2 scrolls of fear {unknown}
 i - a scroll of blinking {unknown}
 j - 5 scrolls of remove curse {unknown}
 u - 8 scrolls of enchant armour {unknown}
 w - 4 scrolls of magic mapping {unknown}
 y - a scroll of enchant weapon {unknown}
 z - 5 scrolls of amnesia {unknown}
 B - 2 scrolls of teleportation {unknown}
Potions
 d - 4 potions of might
 n - 3 potions of agility {unknown}
 o - 4 potions of flight {unknown}
 p - 2 potions of curing {unknown}
 q - a potion of mutation {unknown}
 r - 2 potions of invisibility {unknown}
 v - a potion of berserk rage {unknown}
 A - a potion of heal wounds {unknown}
 G - a potion of magic {unknown}
 L - a potion of brilliance {unknown}
 M - a potion of haste
Comestibles
 f - 16 rations
 H - 4 chunks of flesh


   Skills:
 + Level 5.1 Fighting
 + Level 11.2 Axes
 + Level 6.6 Armour
 + Level 2.8 Dodging
 + Level 6.1 Shields
 * Level 2.9 Evocations


You had 8 spell levels left.
You didn't know any spells.

Dungeon Overview and Level Annotations

Branches:
Dungeon (8/15)             Temple (1/1) D:6            Lair (0/6) D:8

Altars:
Dithmenos
Elyvilon
Gozag
Makhleb
Nemelex Xobeh
Sif Muna
Trog
Wu Jian
Yredelemnul
The Shining One


Innate Abilities, Weirdness & Mutations

You are resistant to damage.
You can heal yourself by infusing magical energy.
You passively map the area around you.
You do not regenerate.


Message History

You block the death yak's attack.
You feel much better.
The death yak gores you but does no damage.
The death yak closely misses you. The death yak gores you.
You hit the death yak.
The death yak is lightly wounded.
You barely miss the death yak. You hit the death yak.
The death yak gores you. x3
You hit the death yak.
The death yak is moderately wounded.
You hit the death yak but do no damage.
Your shield and plate armour prevent you from hitting the death yak.
The death yak gores you!!
* * * LOW HITPOINT WARNING * * *
The death yak gores you.
The death yak gores you but does no damage.
You hit the death yak.
The death yak is moderately wounded.
Your plate armour prevents you from hitting the death yak.
You hit the death yak. The death yak gores you!
You die... , , * .. #........# * * ..##.>.#....## , *.............# * , *..............,,, , .Y.YY?.... * * ,, * rYYYH.,

* #YY####### *
######@Y.......
, ,, ,
#..........####
* #..........#
* #..........#
* #..........#
** * ,,
#.........<# ,
, #..........#
*,*** *
#.(........#
############ *


You could see 3 death yaks, a hippogriff and 5 yaks.

Vanquished Creatures
  The ghost of quacklin the Conjurer, a novice DrFE (D:4)
  The ghost of newuser the Chopper, a novice GrGl (D:6)
  Sigmund (D:2)
  Eustachio (D:4)
  Menkaure (D:7)
  Purgy (Sewer)
  3 ice beasts (D:6)
  An orc warrior (D:6)
  2 phantoms
  A sky beast (D:5)
  An ogre (D:7)
  2 centaurs
  6 bullfrogs
  A scorpion (D:5)
  A crimson imp (D:5)
  7 orc priests
  A hound (D:5)
  6 orc wizards
  A centaur skeleton (D:8)
  Ijyb (D:3)
  5 worker ants
  A hound zombie (D:5)
  A hound skeleton (D:5)
  A worker ant zombie (D:3)
  Robin (D:2)
  A howler monkey skeleton (D:6)
  2 river rats (D:3)
  9 adders
  13 gnolls
  2 shadow imps
  An ooze (D:3)
  4 worms
  A dart slug (D:1)
  3 leopard geckos
  17 orcs
  11 bats
  7 giant cockroaches
  15 goblins
  4 hobgoblins
  6 jackals (D:3)
  A quokka (D:5)
  3 ball pythons
  A frilled lizard (D:4)
  11 kobolds
  A leopard gecko zombie (D:6)
  9 rats
171 creatures vanquished.

Notes
Turn   | Place    | Note
-------+----------+-------------------------------------------
     0 | D:1      | Ripple the Deep Dwarf Fighter began the quest for the Orb.
     0 | D:1      | Reached XP level 1. HP: 20/20 MP: 1/1
   184 | D:1      | Reached skill level 3 in Axes
   185 | D:1      | Reached XP level 2. HP: 25/27 MP: 2/2
   798 | D:2      | Reached XP level 3. HP: 27/33 MP: 3/3
   808 | D:2      | Reached skill level 4 in Axes
   817 | D:2      | Noticed Robin
   853 | D:2      | Reached XP level 4. HP: 22/40 MP: 4/4
   857 | D:2      | Reached skill level 5 in Axes
   875 | D:2      | Killed Robin
   979 | D:2      | Noticed Sigmund
   993 | D:2      | Killed Sigmund
   993 | D:2      | Reached skill level 6 in Axes
   993 | D:2      | Reached XP level 5. HP: 34/46 MP: 5/5
  1112 | D:2      | Reached XP level 6. HP: 40/55 MP: 6/6
  1254 | D:2      | Found a faded altar of an unknown god.
  1258 | D:2      | Reached skill level 7 in Axes
  1578 | D:3      | Noticed Ijyb
  1583 | D:3      | Killed Ijyb
  1735 | D:3      | Found a deep blue altar of Sif Muna.
  1929 | D:3      | Found a basalt altar of Yredelemnul.
  2193 | D:3      | Found a glowing drain.
  2204 | Sewer    | Entered a sewer
  2347 | Sewer    | Noticed Purgy
  2359 | Sewer    | Killed Purgy
  2359 | Sewer    | Reached skill level 1 in Dodging
  2359 | Sewer    | Reached XP level 7. HP: 62/62 MP: 7/7
  2557 | D:4      | Reached skill level 8 in Axes
  2765 | D:4      | Noticed Eustachio
  2783 | D:4      | Killed Eustachio
  2891 | D:4      | Found a sparkling altar of Nemelex Xobeh.
  2902 | D:4      | Noticed quacklin's ghost (novice DrFE)
  2924 | D:4      | Killed quacklin's ghost
  2924 | D:4      | Reached skill level 9 in Axes
  2924 | D:4      | Reached XP level 8. HP: 34/72 MP: 8/8
  3300 | D:5      | Entered Level 5 of the Dungeon
  3303 | D:5      | Reached skill level 5 in Armour
  3434 | D:5      | Reached skill level 5 in Shields
  3704 | D:5      | Found a white marble altar of Elyvilon.
  3923 | D:6      | Found an opulent altar of Gozag.
  3996 | D:6      | Reached skill level 10 in Axes
  4058 | D:6      | Gained mutation: You passively map the area around you. [Deep Dwarf growth]
  4058 | D:6      | Reached XP level 9. HP: 33/79 MP: 7/7
  4248 | D:6      | Found a staircase to the Ecumenical Temple.
  4268 | Temple   | Entered the Ecumenical Temple
  4299 | Temple   | Became a worshipper of the Wu Jian Council
  4399 | D:6      | Noticed newuser's ghost (novice GrGl)
  4431 | D:6      | Killed newuser's ghost
  4681 | D:7      | Reached skill level 1 in Evocations
  4906 | D:7      | Found a glowing golden altar of the Shining One.
  4924 | D:7      | Noticed Menkaure
  4934 | D:7      | Killed Menkaure
  4952 | D:7      | Got a pitted sapphire amulet
  4953 | D:7      | Identified the amulet of Eqaeqeh {Harm *Drain rPois} (You found it on level 7 of the Dungeon)
  5093 | D:7      | Reached skill level 5 in Fighting
  5093 | D:7      | Reached skill level 11 in Axes
  5387 | D:8      | Noticed a death yak
  5388 | D:8      | Found a staircase to the Lair.
  5390 | D:8      | Noticed a death yak
  5390 | D:8      | Noticed a death yak
  5408 | D:8      | Slain by a death yak

Skill      XL: |  1  2  3  4  5  6  7  8  9 |
---------------+----------------------------+-----
Axes           | 3 4 6 7 9 10 11 | 11.2
Fighting       | 3 4 5 |  5.1
Dodging        | 1 2 |  2.8
Shields        | 4 5 6 |  6.1
Armour         | 4 5 6 |  6.6
Evocations     | 2 |  2.9

Action                   |  1- 3 |  4- 6 |  7- 9 || total
-------------------------+-------+-------+-------++-------
Melee: War axe           |   101 |   196 |   407 ||   704
Invok: Lunge             |       |       |     8 ||     8
 Abil: Heal Wounds       |       |     2 |    16 ||    18
Evoke: Wand              |       |     2 |       ||     2
 Stab: Paralysed         |       |     6 |       ||     6
  Eat: Chunk             |       |     5 |    11 ||    16
Armor: Scale mail        |    45 |    88 |    48 ||   181
       Chain mail        |       |       |    30 ||    30
       Plate armour      |       |       |    72 ||    72
Dodge: Dodged            |    32 |    59 |    88 ||   179
       Deflected         |       |     5 |     6 ||    11
Block: Shield            |    52 |    90 |   211 ||   353
